 Dungeon Crawl Stone Soup version 0.29-a0-870-g2c972031a6 (webtiles) character file.

Game seed: 5684650921289336527

391 concernfroge the Trooper (level 6, -1/55 HPs)
             Began as a Mummy Monk on July 17, 2022.
             Slain by an orc
             ... wielding a +4 vorpal falchion
              (6 damage)
             ... on level 4 of the Dungeon.
             The game lasted 00:15:04 (4470 turns).

concernfroge the Trooper (Mummy Monk)               Turns: 4470, Time: 00:15:05

Health: -1/55      AC:  9    Str: 16    XL:     6   Next: 50%
Magic:  6/6        EV:  7    Int:  9    God:
Gold:   78         SH:  0    Dex: 15    Spells: 5/5 levels left

rFire   x . .      SeeInvis .   f - +4 trident (protect)
rCold   + . .      Faith    .   (no shield)
rNeg    + + +      Spirit   .   k - +0 chain mail
rPois   ∞          Reflect  .   (no helmet)
rElec   .          Harm     .   (no cloak)
rCorr   .          Rampage  .   (no gloves)
Will    +....                   n - +0 pair of boots
Stlth   ..........              (no amulet)
HPRegen 0.18/turn               j - ring of willpower
MPRegen 0.10/turn               e - +4 ring of slaying

@: no status effects
A: cold resistance 1, negative energy resistance 3, torment resistance 2, heat
vulnerability 1, in touch with death 1, no potions
a: no special abilities


You were on level 4 of the Dungeon.
You visited 1 branch of the dungeon, and saw 5 of its levels.
You also visited: Ossuary.

You collected 132 gold pieces.
You spent 54 gold pieces at shops.

Inventory:

Hand Weapons
 a - a +0 spear
 d - a +0 vampiric short sword
 f - a +4 trident of protection (weapon)
Missiles
 i - a throwing net (quivered)
Armour
 k - a +0 chain mail (worn)
 n - a +0 pair of boots (worn)
Jewellery
 e - a +4 ring of slaying (right hand)
 j - a ring of willpower (left hand)
 l - a ring of fire
Wands
 g - a wand of charming (2)
Scrolls
 b - a scroll of vulnerability
 h - 3 scrolls of magic mapping
 m - a scroll of identify


   Skills:
 + Level 7.4 Fighting
 - Level 2.4 Polearms
 - Level 2.4 Dodging
 - Level 1.5 Stealth


You had 5 spell levels left.
You didn't know any spells.
Your spell library contained the following spells:

 Spells                   Type           Power      Damage    Failure   Level
 Sandblast                Erth           0%         2d4       100%        1
 Passwall                 Tmut/Erth      0%         N/A       100%        2
 Stone Arrow              Conj/Erth      0%         3d7       100%        3
 Petrify                  Tmut/Erth      0%         N/A       100%        4
 Irradiate                Conj/Tmut      0%         3d11      100%        5
 Sublimation of Blood     Necr           Unusable   N/A       N/A         2

Dungeon Overview and Level Annotations

Branches:
Dungeon (5/15)            Ossuary (visited)
 Temple: D:4-7

Altars:
Trog

Shops:
D:1 [   D:2 =!

Annotations:
D:2 Terence


Innate Abilities, Weirdness & Mutations

You are immune to poison.
Your flesh is cold resistant. (rC+)
You are immune to negative energy. (rN+++)
You are immune to unholy pain and torment.
You are vulnerable to heat. (rF-)
You are in touch with the powers of death.
You do not drink.


Message History

Found a quarterstaff and 2 fizzy purple potions.
As you read the scroll of teleportation, it crumbles to dust.
You feel strangely unstable.
The ufetubus hits the demonic plant.
The demonic plant begins to die.
The ufetubus hits the demonic plant.
The yak gores you but does no damage. The yak gores you.
The yak barely misses you.
A scorpion comes into view.
The yak gores you! The yak attacks as you move away!
The yak completely misses you.
Your surroundings suddenly seem different.
Found 8 stones and a club.
Found two stone staircases leading up.
An orc comes into view. It is wielding a +4 vorpal falchion.
An adder comes into view.
You see here a +0 club.
The adder hisses angrily.
You reach to attack!
You barely miss the orc.
An iguana comes into view.
You barely miss the orc.
The orc hits you with a +4 vorpal falchion.
You are too injured to fight recklessly!
The orc attacks as you move away!
The orc hits you with a +4 vorpal falchion.
The orc attacks as you move away!
The orc hits you with a +4 vorpal falchion!
* * * LOW HITPOINT WARNING * * *
x2 The adder attacks as you move away!
The adder barely misses you.
There is a stone staircase leading up here.
The adder bites you but does no damage.
The orc hits you with a +4 vorpal falchion.
* * * LOW HITPOINT WARNING * * *
x2 The adder bites you.
* * * LOW HITPOINT WARNING * * *
You climb upwards.
The kobold shouts!
Found a purple potion.
There is a stone staircase leading down here.
Okay, then.
The orc attacks as you move away!
The orc hits you with a +4 vorpal falchion.
You die...

. ####### ..
#.....# ...
#.....# ....
#K....# ..!..
#.....# ###
......#.....#
..##
.......@S...#
...##
......#.o...#####
....#
......#.....!...#
....#
....?...........#
....# ###
#..........#
....#
###...#Y...#
....# ##..gY..#
....# ###
#...>..# ....#
.......Y.g.^#


You could see 2 yaks, a gnoll, an adder, an orc and a kobold.

Vanquished Creatures
  2 ogres (D:3)
  An orc priest (D:3)
  A gnoll bouda (D:4)
  An iguana (D:4)
  An orc wizard (D:4)
  2 adders
  A gnoll (D:4)
  A worm (D:2)
  3 dart slugs (D:1)
  4 orcs
  7 endoplasms
  A giant cockroach (D:1)
  3 goblins
  5 hobgoblins
  6 jackals
  5 quokkas
  8 ball pythons
  6 bats
  2 frilled lizards
  A jackal zombie (Ossuary)
  7 kobolds
  A kobold zombie (Ossuary)
  2 rats (D:1)
71 creatures vanquished.

Vanquished Creatures (collateral kills)
  A giant cockroach (D:3)
  A rat (D:2)
2 creatures vanquished.

Vanquished Creatures (others)
  A demonic plant (D:5)
1 creature vanquished.

Grand Total: 74 creatures vanquished

Notes
Turn   | Place    | Note
-------+----------+-------------------------------------------
     0 | D:1      | concernfroge the Mummy Monk began the quest for the Orb.
     0 | D:1      | Reached XP level 1. HP: 18/18 MP: 1/1
   219 | D:1      | Reached XP level 2. HP: 24/24 MP: 2/2
   237 | D:1      | Found Tyuchiu's Armour Shop.
   346 | D:1      | Found a faded altar of an unknown god.
   420 | D:1      | Reached skill level 4 in Fighting
   601 | D:1      | Gained mutation: You are in touch with the powers of death.
                  | [Mummy growth]
   601 | D:1      | Reached XP level 3. HP: 30/30 MP: 3/3
  1675 | D:2      | Found a bloodstained altar of Trog.
  1892 | D:2      | Found Hufoamom's Jewellery Boutique.
  2141 | D:1      | Bought a +0 chain mail for 54 gold pieces
  2164 | D:2      | Noticed Terence
  2295 | D:2      | You fall into a shaft and drop 2 floors!
  2295 | D:4      | Found a sand-covered staircase.
  2303 | Ossuary  | Entered an ossuary
  2666 | D:4      | Reached skill level 5 in Fighting
  2666 | D:4      | Reached XP level 4. HP: 15/39 MP: 4/4
  3181 | D:3      | Noticed an ogre
  3195 | D:3      | Killed an ogre
  3196 | D:3      | Reached skill level 6 in Fighting
  3196 | D:3      | Reached XP level 5. HP: 46/46 MP: 5/5
  3309 | D:3      | Noticed an ogre
  3531 | D:3      | Killed an ogre
  3532 | D:3      | Reached XP level 6. HP: 53/53 MP: 6/6
  3717 | D:2      | Identified a scroll of acquirement
  3717 | D:2      | Acquired a +4 trident of protection
  3952 | D:2      | Found Huwetof's Distillery.
  4184 | D:4      | Reached skill level 7 in Fighting
  4197 | D:4      | Noticed a yak
  4452 | D:4      | Noticed a yak
  4452 | D:4      | Noticed a yak
  4452 | D:4      | Noticed a yak
  4452 | D:4      | Noticed a yak
  4456 | D:5      | Entered Level 5 of the Dungeon
  4470 | D:4      | Slain by an orc

Illustrated notes

Levels and vault maps discovered:
D:1:      wheals_arrival_shading, layout_basic,
          hellmonk_ecumenical_altar_leap_of_faith, serial_shops, shop,
          chequers_serial_rivers_micro_b, minivault_24
D:2:      layout_basic, basic_altar, serial_shops, shop,
          nicolae_shop_temple_entry_statues_fountains, uniq_terence
D:3:      layout_loops_ring
D:4:      layout_rooms, nicolae_dithmenos_through_a_glass_darkly,
          enter_ossuary_1, minmay_misc_feat_room, minivault_4
D:5:      layout_cave_pools, temple_green, serial_demonic, serial_demonic_b,
          serial_demonic_g, serial_demonic_c, serial_demonic_e,
          bh_walls_and_bars

Skill      XL: |  1  2  3  4  5  6 |
---------------+-------------------+-----
Fighting       | 4 5 6 7 |  7.4
Polearms       | |  2.4
Dodging        | |  2.4
Stealth        | |  1.5

Action                   |  1- 3 |  4- 6 || total
-------------------------+-------+-------++-------
Melee: Spear             |   185 |    43 ||   228
       Punch             |     1 |       ||     1
       Trident           |       |    45 ||    45
Throw: Throwing net      |       |     1 ||     1
Evoke: Wand              |       |     1 ||     1
  Use: Scroll            |     9 |     6 ||    15
 Stab: Sleeping          |     6 |       ||     6
Armor: Robe              |    23 |       ||    23
       Chain mail        |    17 |    61 ||    78
Dodge: Dodged            |    95 |    38 ||   133

Table legend: (Time is in decaauts)
 A = Elapsed time spent in this place.
 B = Non-inter-level travel time spent in this place.
 C = Inter-level travel time spent in this place.
 D = Time resting spent in this place.
 E = Time spent auto-exploring this place.
 F = Levels seen in this place.
 G = Mean time per level.
                   A        B        C        D        E       F      G
               +--------+--------+--------+--------+--------+-----+--------+
         Total |   4477 |   4050 |    427 |    896 |   2471 |   6 |  746.2 |
       Dungeon |   4446 |   4019 |    427 |    896 |   2471 |   5 |  889.2 |
       Ossuary |     31 |     31 |      0 |      0 |      0 |   1 |   31.0 |
               +--------+--------+--------+--------+--------+-----+--------+

Top non-repeatable levels by time:
     D:1: 1541 daAuts
     D:2: 1229 daAuts
     D:3: 1162 daAuts
     D:4: 499 daAuts
 Ossuary: 31 daAuts
     D:5: 13 daAuts
